 Dungeon Crawl Stone Soup version 0.31.0-11-ge490571c62 (webtiles) character file.

Game seed: 16810122484753277815

5258 Buffagor the Fighter (level 10, -8/85 (98) HPs)
             Began as a Naga Shapeshifter on Jan 28, 2024.
             Mangled by a wight
             ... wielding a +0 mace
              (10 damage)
             ... on level 7 of the Dungeon on Jan 31, 2024.
             The game lasted 00:35:42 (10591 turns).

Buffagor the Fighter (Naga Shapeshifter)           Turns: 10591, Time: 00:35:42

HP:   -8/85 (98)    AC:  4    Str: 21    XL:     10   Next: 62%
MP:   19/19         EV: 12    Int: 11    God:
Gold: 603           SH:  0    Dex: 14    Spells: 9/9 levels left

rFire   + + +        s - +9 falchion of Disarray {freeze, ^Fragile rF+ rC+ Stlth+}
rCold   + . .        (no shield)
rNeg    . . .        t - +0 leather armour "Tubimiem" {rF++ Str+4 Stlth+}
rPois   +            i - melded +0 helmet
rElec   .            h - melded +0 cloak
rCorr   .            y - melded +0 pair of gloves
SInv    +            (no barding)
Will    +....        (no amulet)
Stlth   +++          w - ring of magical power
HPRegen 0.34/turn    (no ring)
MPRegen 0.16/turn

%: no passive effects
@: beast-form, heavily drained, very slow
A: beast (slay +4), AC +3, large, see invisible, deformed body, poison
resistance, slowness 2, spit poison 1, naga tail 1
a: Spit Poison, Begin Untransformation


You were on level 7 of the Dungeon.
You were a hulking beast.
You visited 2 branches of the dungeon, and saw 9 of its levels.
You also visited: Bailey.

You collected 603 gold pieces.

Inventory:

Hand Weapons
 k - a +0 hand axe
 s - the +9 falchion of Disarray (weapon) {freeze, ^Fragile rF+ rC+ Stlth+}
   (You found it on level 4 of the Dungeon)

   rF+:       It protects you from fire.
   rC+:       It protects you from cold.
   ^Fragile:  It will be destroyed if unequipped.
   Stlth+:    It makes you more stealthy.
 C - a +1 war axe of flaming
Missiles
 a - 6 boomerangs
Armour
 h - a +0 cloak (melded)
 i - a +0 helmet (melded)
 t - the +0 leather armour "Tubimiem" (worn) {rF++ Str+4 Stlth+}
   (You found it on level 4 of the Dungeon)

   Str+4:     It affects your strength (+4).
   rF++:      It greatly protects you from fire.
   Stlth+:    It makes you more stealthy.
 v - a +1 buckler
 y - a +0 pair of gloves (melded)
Jewellery
 w - a ring of magical power (left hand)
Talismans
 c - a beast talisman (active)
 d - a flux talisman
 x - a granite talisman
Wands
 n - a wand of polymorph (6)
Scrolls
 e - 3 scrolls of teleportation
 f - a scroll of vulnerability
 m - 2 scrolls of fog
 o - a scroll of fear
 q - a scroll of noise
 u - 2 scrolls of immolation
 A - a scroll of summoning
 D - a scroll of identify
Potions
 b - a potion of berserk rage
 g - a potion of cancellation {unknown}
 j - a potion of resistance
 l - 3 potions of curing
 r - 2 potions of degeneration


   Skills:
 + Level 8.4 Fighting
 + Level 7.1 Dodging
 - Level 8.0 Unarmed Combat
 - Level 7.0 Shapeshifting


You had 9 spell levels left.
You didn't know any spells.
Your spell library contained the following spells:

 Spells                   Type           Power      Damage    Failure   Level
 Sting                    Conj/Alch      0%         1d3       38%         1
 Mercury Vapours          Alch/Air       0%         N/A       52%         2
 Static Discharge         Conj/Air       0%         3-3/arc   52%         2
 Gell's Gravitas          Tloc           0%         N/A       77%         3
 Inner Flame              Hex/Fire       0%         N/A       77%         3
 Teleport Other           Tloc           0%         N/A       77%         3
 Airstrike                Air            0%         2d(0-16)  99%         4
 Flame Wave               Conj/Fire      0%         2d4       99%         4
 Olgreb's Toxic Radiance  Alch           0%         N/A       99%         4
 Sticky Flame             Fire/Alch      0%         2d4       99%         4
 Summon Lightning Spire   Summ/Air       0%         N/A       99%         4
 Irradiate                Conj/Alch      0%         3d11      100%        5
 Dispersal                Tloc           0%         N/A       100%        6
 Ignition                 Fire           0%         3d3       100%        8
 Chain Lightning          Conj/Air       0%         N/A       100%        9
 Fire Storm               Conj/Fire      0%         5d1       100%        9
 Shatter                  Erth           0%         3d5*      100%        9


Dungeon Overview and Level Annotations

Branches:
Dungeon (8/15)             Temple (1/1) D:4          Bailey (visited)
   Lair: D:8-11

Altars:
Ashenzari
Fedhas
Gozag
Kikubaaqudgha
Nemelex Xobeh
Okawaru
Ru
Sif Muna
Trog
Vehumet
Wu Jian
Zin

Shops:
D:5 ?

Annotations:
D:6 Jeremiah


Innate Abilities, Weirdness & Mutations

You are a hulking beast.
Your limbs bulge with bestial killing power. (Slay +4)
Your serpentine skin is tough. (AC +3)
You have supernaturally acute eyesight. (SInv)
Armour fits poorly on your strangely shaped body.
Your system is resistant to poisons. (rPois)
You cover ground very slowly.
You can spit poison.
You have a snake-like lower body.


Message History

The wight closely misses you.
The wight throws a boomerang.
The boomerang barely misses you. The wight misses you. x2
The wight closely misses you. The wight misses you.
The wight throws a boomerang.
The boomerang hits you. The wight attacks as it pursues you!
The wight hits you but does no damage. The wight attacks as it pursues you!
The wight hits you but does no damage. The wight hits you with a +0 mace.
The wight attacks as it pursues you! The wight hits you with a +0 falchion.
The wight attacks as it pursues you! The wight closely misses you.
The wight attacks as it pursues you! The wight hits you with a +0 falchion!
The wight hits you from afar with a +2 spear!
The wight attacks as it pursues you! The wight closely misses you.
The wight barely misses you. The wight attacks as it pursues you!
The wight hits you with a +0 mace.
You feel drained. The wight hits you with a +0 mace.
You feel drained. The wight attacks as it pursues you!
The wight hits you with a +0 falchion! The wight attacks as it pursues you!
The wight hits you with a +0 falchion. The wight attacks as it pursues you!
The wight hits you from afar with a +2 halberd!
* * * LOW HITPOINT WARNING * * *
The wight barely misses you.
The wight hits you from afar with a +2 spear!
* * * LOW HITPOINT WARNING * * *
There is a stone staircase leading up, spattered with blood here.
The wight hits you from afar with a +2 spear.
* * * LOW HITPOINT WARNING * * *
You feel drained.
* * * LOW HITPOINT WARNING * * *
The wight barely misses you.
You climb upwards.
There is a stone staircase leading down here.
You closely miss the wight.
The wight is heavily damaged.
The wight hits you with a +0 mace.
* * * LOW HITPOINT WARNING * * *
You feel drained.
* * * LOW HITPOINT WARNING * * *
The wight hits you with a +0 mace!
You die...

####......####........)...##'##..
##...........#...........##..#...
##..>...####.............##.##.#.
.#))......###........#...##.##.#.
.#.....#....###..##.[##...#....#.
.#....##........###..##......###.
)>)######.#.##..# ##........## #.
.### #.#..#..####...>...#####. .#
#..#.#..h..##.........##. .#
####.#...z.#.........#...#) .#
#.......##.####......#...~~ .#
#.....(###.# #......#...~~ ##
#......# #.# #......~~..~♣
#..##### ######.....~~...~~
#..#########....#♣~♣~~~...P
#..##.[...##.###♣~P~~~....~
#####.....##.# #~~~~~~.~..~


You could see a wight.

Vanquished Creatures
  An orc knight (Bailey)
  A kobold demonologist (Bailey)
  Sigmund (D:2)
  A wyvern (D:7)
  3 yaks (D:8)
  A water moccasin (D:5)
  9 orc warriors
  2 ice beasts
  2 ogres
  A centaur (D:7)
  2 kobold brigands
  The ghost of zenocrate the Sneak, an amateur VSEn (D:4)
  2 bullfrogs
  7 scorpions
  4 wights (D:7)
  10 electric eels
  A bombardier beetle (D:6)
  4 howler monkeys
  6 jellies
  A hound (D:6)
  7 orc priests
  Ijyb (D:3)
  Natasha (D:2)
  Terence (D:3)
  An iguana (D:4)
  2 sleepcaps (D:7)
  5 orc wizards
  Robin (D:3)
  6 gnolls
  7 adders
  2 shadow imps
  A white imp (D:7)
  A dart slug (D:1)
  A ribbon worm (D:3)
  25 orcs
  4 endoplasms
  3 giant cockroaches
  24 goblins
  13 hobgoblins
  6 jackals
  15 kobolds
  3 quokkas
  2 ball pythons (D:1)
  5 bats
  2 frilled lizards (D:1)
  3 rats
202 creatures vanquished.

Vanquished Creatures (others)
  An orc (D:7)
  A goblin (Bailey)
2 creatures vanquished.

Grand Total: 204 creatures vanquished

Notes
Turn   | Place    | Note
-------+----------+-------------------------------------------
     0 | D:1      | Buffagor the Naga Shapeshifter began the quest for the Orb.
     0 | D:1      | Reached XP level 1. HP: 18/18 MP: 1/1
   177 | D:1      | Reached XP level 2. HP: 25/25 MP: 2/2
   955 | D:2      | Reached XP level 3. HP: 31/31 MP: 3/3
  1039 | D:2      | Noticed Natasha
  1047 | D:2      | Killed Natasha
  1102 | D:2      | Reached XP level 4. HP: 23/39 MP: 4/4
  1330 | D:2      | Noticed Sigmund
  1335 | D:2      | Killed Sigmund
  1336 | D:2      | Reached XP level 5. HP: 45/46 MP: 5/5
  1458 | D:2      | Reached XP level 6. HP: 44/55 MP: 6/6
  1686 | D:3      | Noticed Terence
  1698 | D:3      | Killed Terence
  2122 | D:3      | Noticed Ijyb
  2133 | D:3      | Killed Ijyb
  2282 | D:3      | Noticed Robin
  2308 | D:3      | Killed Robin
  2309 | D:3      | Reached skill level 5 in Unarmed Combat
  2698 | D:4      | Reached XP level 7. HP: 62/62 MP: 7/7
  2798 | D:4      | Found a staircase to the Ecumenical Temple.
  2832 | Temple   | Entered the Ecumenical Temple
  3122 | D:4      | Found an iron altar of Okawaru.
  3126 | D:4      | Identified the +9 falchion of Disarray {freeze, ^Fragile
                  | rF+ rC+ Stlth+}
  3501 | D:4      | Found a runed translucent door.
  3502 | D:4      | Noticed zenocrate's ghost (amateur VSEn)
  3652 | D:4      | Killed zenocrate's ghost
  3655 | D:4      | Identified the +0 leather armour "Tubimiem" {rF++ Str+4
                  | Stlth+}
  3707 | D:5      | Entered Level 5 of the Dungeon
  3728 | D:5      | Found a sparkling altar of Nemelex Xobeh.
  3873 | D:5      | Reached XP level 8. HP: 72/72 MP: 8/8
  4476 | D:5      | Reached skill level 5 in Shapeshifting
  4476 | D:5      | HP: 2/73 [shadow imp (2)]
  5103 | D:5      | Found Gufro's Magic Scroll Shop.
  5695 | D:6      | Reached XP level 9. HP: 71/80 MP: 9/9
  5727 | D:6      | Reached skill level 5 in Fighting
  5798 | D:6      | Noticed Jeremiah
  5845 | D:6      | HP: 1/72 [Jeremiah/divine providence (15)]
  7158 | D:7      | Reached skill level 5 in Dodging
  8203 | D:8      | Found a flagged portal.
  8238 | Bailey   | Entered a bailey
  8424 | Bailey   | Reached XP level 10. HP: 54/92 MP: 10/10
  8922 | Bailey   | Noticed a kobold demonologist
  8935 | Bailey   | Killed a kobold demonologist
 10218 | Bailey   | Found an iron altar of Okawaru.
 10218 | Bailey   | Noticed an orc sorcerer
 10218 | Bailey   | Noticed an orc knight
 10228 | Bailey   | Noticed a sun demon
 10233 | Bailey   | Killed an orc knight
 10591 | D:7      | HP: 3/87 [wight/+0 mace (3)]
 10591 | D:7      | Mangled by a wight

Illustrated notes

Levels and vault maps discovered:
D:1:      minmay_arrival_semitransparent, layout_basic
D:2:      layout_basic, kennysheep_generic_room_4, uniq_natasha, uniq_sigmund
D:3:      layout_basic, uniq_robin, uniq_ijyb, uniq_terence
D:4:      layout_cave_pools, okawaru_ov_weapons_minmay,
          minmay_temple_entry_offerings, ebering_ghost_inner_flame,
          kennysheep_orc_chapel
D:5:      layout_basic, nemelex_altar_shiori, serial_shops, shop,
          wad_rectangle_vault
D:6:      layout_loops_ring, uniq_jeremiah
D:7:      layout_rooms, serial_bayou, serial_bayou_shore_b,
          serial_bayou_shore_b, serial_bayou_pond_e, serial_bayou_ford_a,
          serial_bayou_crossing, dk_noncrumbling_3, nicolae_nh_ransacked_shop
D:8:      layout_layer_cave, serial_rivers, chequers_serial_rivers_micro_c,
          chequers_serial_rivers_micro_a, chequers_serial_rivers_large_a,
          chequers_serial_rivers_micro_c, chequers_serial_rivers_small_3,
          chequers_serial_rivers_micro_e, enter_bailey_5,
          kennysheep_generic_room_7
Temple:   nicolae_temple_bog_church

Skill      XL: |  1  2  3  4  5  6  7  8  9 10 |
---------------+-------------------------------+-----
Dodging        | 2 3 4 5 7 |  7.1
Fighting       | 2 3 4 6 8 |  8.4
Unarmed Combat | 4 5 6 7 8 |  8.0
Shapeshifting  | 4 5 7 |  7.0

Action                     |  1- 3 |  4- 6 |  7- 9 | 10-12 || total
---------------------------+-------+-------+-------+-------++-------
  Melee: Unarmed           |    38 |    83 |    44 |       ||   165
         Punch             |     3 |     2 |     2 |     3 ||    10
         Falchion          |       |       |   237 |   115 ||   352
  Throw: Boomerang         |       |       |       |     2 ||     2
Ability: Spit Poison       |    20 |    19 |    43 |    18 ||   100
    Use: Potion            |       |     1 |       |     2 ||     3
         Scroll            |       |       |    16 |       ||    16
   Stab: Sleeping          |       |     1 |     1 |     4 ||     6
 Armour: Animal skin       |    16 |    39 |    44 |       ||    99
         Skin              |       |     2 |       |       ||     2
         Leather armour    |       |       |   166 |   126 ||   292
  Dodge: Dodged            |    21 |    38 |   135 |    68 ||   262
  Block: Buckler           |       |       |    52 |    24 ||    76
   Form: Beast             |       |       |     3 |       ||     3
                           |       |       |     2 |       ||     2
